 Dungeon Crawl Stone Soup version 0.20.1 (webtiles) character file.

26 Inarius the Grave Robber (level 3, 0/26 HPs)
             Began as a Hill Orc Necromancer on July 2, 2017.
             Slain by Crazy Yiuf
             ... wielding a +4 quarterstaff of chaos
              (16 damage)
             ... on level 2 of the Dungeon.
             The game lasted 00:04:25 (1877 turns).

Inarius the Grave Robber (Hill Orc Necromancer)     Turns: 1877, Time: 00:04:26

Health: 0/26       AC:  3    Str: 10    XL:     3   Next: 8%
Magic:  1/5        EV: 11    Int: 16    God:
Gold:   55         SH:  0    Dex: 11    Spells: 3/5 levels left

rFire    . . .     SeeInvis .   j - +1 flail (venom)
rCold    . . .     Gourm    .   (no shield)
rNeg     . . .     Faith    .   k - +0 leather armour
rPois    .         Spirit   .   (no helmet)
rElec    .         Reflect  .   (no cloak)
rCorr    .         Harm     .   (no gloves)
MR       .....                  (no boots)
Stlth    +.........             (no amulet)
Regen    0.1/turn               (no ring)
MPRegen  0.1/turn               (no ring)

@: no status effects
A: no striking features
a: no special abilities


You were on level 2 of the Dungeon.
You were not hungry.

You visited 1 branch of the dungeon, and saw 2 of its levels.

You collected 55 gold pieces.

Inventory:

Hand Weapons
 j - a +1 flail of venom (weapon)
Armour
 a - a +0 robe
 k - a +0 leather armour (worn)
Scrolls
 e - 2 scrolls of magic mapping {unknown}
 f - 2 scrolls of teleportation {unknown}
Potions
 l - a potion of lignification {unknown}
Books
 b - a book of Necromancy

   Spells                             Type                      Level
   a - Pain                           Necromancy                   1
   b - Animate Skeleton               Necromancy                   1
   c - Vampiric Draining              Necromancy                   3
   d - Regeneration                   Charms/Necromancy            3
   e - Animate Dead                   Necromancy                   4
   f - Control Undead                 Necromancy                   4
Comestibles
 c - 2 bread rations
 d - 2 meat rations
 g - a chunk of flesh
 h - 2 royal jellies


   Skills:
 + Level 0.2 Fighting
   Level 0.2 Short Blades
 * Level 0.2 Armour
 + Level 1.9 Dodging
 - Level 1.5 Stealth
   Level 0.2 Shields
 + Level 1.7 Spellcasting
 + Level 4.4 Necromancy


You had 3 spell levels left.
You knew the following spells:

 Your Spells              Type           Power        Failure   Level  Hunger
a - Pain                  Necr           ###.         4%          1    ##.....
b - Animate Skeleton      Necr           N/A          4%          1    ##.....


Dungeon Overview and Level Annotations

Branches:
Dungeon (2/15)

Altars:
Xom

Annotations:
D:2 Crazy Yiuf


Message History

Aiming: Pain
Press: ? - help, Shift-Dir - straight line, f/p - Crazy Yiuf
Aim: Crazy Yiuf, wielding a quarterstaff of chaos and wearing a cloak (lightly wounded, chance to defeat MR: 80%) Crazy Yiuf writhes in agony!
Crazy Yiuf says, "Lay tea koolooloo!"
Crazy Yiuf hits you with a quarterstaff of chaos!
Crazy Yiuf burns you.
Casting: Pain
Confirm with . or Enter, or press ? or * to list all spells.
Aiming: Pain
Press: ? - help, Shift-Dir - straight line, f/p - Crazy Yiuf
Aim: Crazy Yiuf, wielding a quarterstaff of chaos and wearing a cloak (moderately wounded, chance to defeat MR: 80%) Crazy Yiuf barely resists.
Crazy Yiuf hits you with a quarterstaff of chaos.
* * * LOW HITPOINT WARNING * * *
You are lethally poisoned!
It was a potion of curing.
You feel better.
Crazy Yiuf hits you with a quarterstaff of chaos!
Ouch! That really hurt!
You die...

####.#
#########......
.....# ##.#...
###### #.#.##
##### #.#.##
#..)# #.#...
#...# #.####
... ###.####
#g# #.......
##@# #.#.####
#.## #####.#.#
# ##.#
#...#.#.####
#.##
###.#.#.....
##.##
#......###
#..)##
###.....##
#....# #.....(.
#).).# ###.####
##..#### #.#


You could see Crazy Yiuf.

Vanquished Creatures
  A worm (D:2)
  A giant cockroach (D:1)
  4 hobgoblins (D:1)
  4 kobolds
  6 bats
  3 frilled lizards (D:1)
  4 rats
23 creatures vanquished.

Notes
Turn   | Place    | Note
-------+----------+-------------------------------------------
     0 | D:1      | Inarius the Hill Orc Necromancer began the quest for the Orb.
     0 | D:1      | Reached XP level 1. HP: 14/14 MP: 3/3
    77 | D:1      | Learned a level 1 spell: Animate Skeleton
   358 | D:1      | Reached XP level 2. HP: 20/20 MP: 4/4
  1108 | D:1      | Found an ancient bone altar of Kikubaaqudgha.
  1110 | D:1      | Found an opulent altar of Gozag.
  1110 | D:1      | Found an ancient bone altar of Kikubaaqudgha.
  1112 | D:1      | Found a shimmering altar of Xom.
  1112 | D:1      | Found a hazy altar of Hepliaklqana.
  1112 | D:1      | Found a deep blue altar of Sif Muna.
  1651 | D:2      | Reached XP level 3. HP: 17/26 MP: 0/5
  1868 | D:2      | Found a runed door.
  1872 | D:2      | Noticed Crazy Yiuf
  1877 | D:2      | Slain by Crazy Yiuf

Action                   || total
-------------------------++-------
Melee: Dagger            ||    26
       Flail             ||     8
 Cast: Pain              ||    31
       Animate Skeleton  ||     2
  Use: Scroll            ||     1
       Potion            ||     1
 Stab: Sleeping          ||     1
  Eat: Chunk             ||     2
       Bread ration      ||     1
Armor: Robe              ||    11
       Leather armour    ||     9
Dodge: Dodged            ||    28
